Map: Magannatha LE

Players

SHIN - Winner!

  • Race: Zerg Zerg
  • Spawn Location: 11:00

Solar

  • Race: Zerg Zerg
  • Spawn Location: 5:00

Event: Esports World Cup 2025

VOD

Have the link to the VOD?

Description

Time

  • Played on: July 24, 2025, 5:50 a.m.
  • Length: 11:38

All games in this series

Show
View Real Time Build Order
Export as new Build Order

SHIN Zerg - Winner!

Build Orders: Hatch First, Roach Hydra 

Get SALT Encoding   

  12  0:00  Drone  
  13  0:07  Drone  
  14  0:15  Drone, Extractor  
  15  0:21  Overlord  
  15  0:40  Drone  
  16  0:45  Hatchery  
  16  0:48  Drone  
  16  0:52  Drone  
  16  0:55  Drone  
  18  1:07  Extractor  
  17  1:11  Spawning Pool  
  17  1:14  Drone  
  17  1:17  Drone  
  18  1:28  Drone  
  19  1:37  Drone  
  20  1:48  Drone  
  21  1:57  Queen  
  21  1:58  Zergling x2, Queen  
  21  1:59  Overlord  
  26  2:08  Drone  
  27  2:09  Drone  
  27  2:12  Metabolic Boost  
  28  2:18  Drone  
  28  2:20  Drone  
  30  2:29  Zergling x2  
  31  2:31  Drone  
  31  2:36  Hatchery  
  31  2:41  Drone  
  31  2:42  Drone  
  33  2:51  Baneling Nest, Overlord  
  32  2:53  Drone  
  33  3:03  Drone  
  34  3:08  Zergling x4  
  34  3:10  Zergling x2  
  34  3:11  Drone x4  
  41  3:18  Queen  
  43  3:22  Overlord  
  43  3:25  Drone  
  44  3:35  Baneling  
  44  3:39  Overlord  
  44  3:40  Drone x4  
  47  3:41  Drone  
  47  3:42  Drone x2  
  47  3:44  Drone  
  51  3:49  Drone  
  51  3:53  Roach Warren  
  51  3:57  Drone x2  
  51  3:59  Extractor  
  51  4:00  Drone, Extractor  
  52  4:06  Drone, Overlord  
  53  4:11  Drone  
  53  4:15  Drone x2, Lair  
  53  4:16  Drone  
  56  4:18  Evolution Chamber  
  56  4:19  Drone  
  56  4:20  Drone  
  56  4:23  Zergling x2  
  58  4:29  Drone x4, Overlord  
  62  4:31  Drone  
  63  4:38  Zergling x2  
  63  4:39  Drone  
  63  4:43  Drone  
  66  4:46  Extractor x2  
  66  4:47  Zerg Missile Weapons Level 1  
  66  4:48  Roach  
  66  4:49  Roach x2  
  70  4:54  Roach  
  70  4:55  Drone  
  70  4:56  Drone x4  
  77  5:01  Roach  
  77  5:02  Roach  
  77  5:07  Drone  
  81  5:08  Overlord  
  81  5:11  Overlord  
  81  5:12  Glial Reconstitution  
  81  5:14  Overseer  
  81  5:21  Overlord  
  81  5:22  Overlord  
  81  5:25  Overlord  
  81  5:26  Roach x2  
  81  5:27  Roach  
  81  5:28  Roach x2  
  89  5:29  Drone x3  
  89  5:30  Drone  
  89  5:32  Pneumatized Carapace  
  89  5:34  Roach  
  89  5:35  Drone  
  94  5:37  Drone  
  94  5:38  Drone, Extractor  
  94  5:42  Roach x2  
  99  5:45  Overlord  
  99  5:48  Roach  
  99  5:49  Overlord  
  101  5:50  Roach  
  101  5:52  Roach  
  101  5:53  Roach  
  109  5:57  Roach  
  109  6:00  Roach  
  109  6:04  Roach x4  
  119  6:06  Roach  
  119  6:07  Roach  
  119  6:08  Roach  
  119  6:10  Roach  
  127  6:13  Roach  
  127  6:14  Roach  
  117  6:18  Roach  
  117  6:19  Roach x2  
  117  6:20  Roach  
  119  6:25  Roach x2  
  119  6:30  Roach  
  114  6:34  Roach  
  114  6:35  Roach x2  
  114  6:36  Roach  
  122  6:43  Roach, Spire  
  122  6:44  Roach  
  122  6:47  Roach  
  127  6:48  Roach  
  127  6:52  Roach  
  131  6:59  Overlord  
  131  7:02  Hatchery  
  131  7:03  Queen  
  131  7:05  Overlord  
  131  7:06  Roach  
  134  7:09  Overlord  
  134  7:12  Roach  
  136  7:16  Overlord x2  
  136  7:27  Drone  
  136  7:28  Drone, Hydralisk Den  
  130  7:31  Drone x4  
  130  7:32  Spore Crawler  
  130  7:33  Drone, Roach x2  
  130  7:34  Roach x2  
  130  7:35  Tunneling Claws  
  138  7:38  Roach  
  138  7:39  Roach  
  120  7:56  Drone  
  120  7:57  Zerg Missile Weapons Level 2, Infestation Pit  
  120  7:58  Hydralisk x4, Grooved Spines  
  114  8:00  Hydralisk  
  114  8:02  Drone  
  114  8:03  Hydralisk  
  111  8:06  Drone  
  111  8:09  Spore Crawler  
  111  8:11  Hydralisk  
  111  8:14  Hydralisk x2, Spore Crawler  
  111  8:18  Hydralisk  
  106  8:22  Spore Crawler  
  106  8:23  Hydralisk  
  105  8:27  Spore Crawler  
  105  8:28  Spore Crawler  
  105  8:29  Hydralisk  
  105  8:30  Spore Crawler  
  105  8:31  Hydralisk  
  105  8:33  Hydralisk  
  108  8:36  Roach  
  108  8:40  Hydralisk  
  112  8:43  Hydralisk  
  112  8:46  Roach x2  
  112  8:48  Muscular Augments  
  118  8:49  Hydralisk  
  118  8:50  Hydralisk  
  118  8:54  Overlord  
  122  8:57  Hydralisk  
  122  9:00  Hydralisk  
  126  9:05  Infestor x3  
  132  9:13  Infestor  
  132  9:15  Overlord x2  
  132  9:16  Roach x2  
  138  9:23  Burrow  
  138  9:24  Zergling x12  
  138  9:30  Overlord x2  
  144  9:31  Hydralisk  
  146  9:38  Hydralisk  
  146  9:39  Roach x2  
  146  9:42  Roach x2  
  156  9:45  Infestor  
  156  9:46  Overlord  
  156  9:50  Hydralisk  
  156  9:51  Roach  
  162  9:59  Hydralisk x2  
  165  10:00  Roach x2  
  166  10:08  Hydralisk x3  
  171  10:15  Hydralisk x2  
  171  10:21  Roach x4  
  183  10:24  Overlord  
  183  10:27  Hydralisk  
  183  10:28  Roach  
  186  10:34  Overlord x2  
  185  10:43  Roach x4  
  185  10:44  Spore Crawler  
  185  10:45  Roach  
  193  10:53  Roach x2  
  193  10:55  Hatchery  
  196  10:57  Roach  
  196  10:59  Roach  
  196  11:02  Roach  
  196  11:03  Roach  
  197  11:07  Roach x2  
  197  11:10  Hydralisk  
  199  11:11  Roach  
  199  11:17  Roach  
Show
View Real Time Build Order
Export as new Build Order

Solar Zerg 

Build Orders: Hatch First 

Get SALT Encoding   

  12  0:00  Drone  
  13  0:08  Drone  
  14  0:15  Drone, Extractor  
  15  0:22  Overlord  
  15  0:40  Drone  
  16  0:44  Hatchery  
  16  0:49  Drone  
  16  0:53  Drone  
  16  0:56  Drone  
  18  1:08  Extractor  
  17  1:12  Spawning Pool  
  17  1:14  Drone  
  17  1:17  Drone  
  18  1:26  Drone  
  19  1:37  Drone  
  20  1:50  Drone  
  21  1:59  Zergling x2, Queen  
  21  2:00  Queen  
  26  2:01  Overlord  
  26  2:09  Drone x2  
  26  2:11  Metabolic Boost  
  28  2:21  Zergling x2  
  28  2:22  Drone  
  30  2:33  Hatchery  
  30  2:35  Drone  
  30  2:38  Drone  
  30  2:42  Drone  
  32  2:47  Baneling Nest  
  32  2:49  Drone  
  32  2:53  Overlord  
  32  2:56  Zergling x2  
  33  3:03  Drone x2  
  35  3:07  Drone  
  36  3:14  Zergling x2  
  36  3:15  Drone x3  
  36  3:16  Drone  
  36  3:17  Overlord  
  36  3:19  Drone  
  42  3:26  Zergling x2  
  43  3:31  Drone  
  44  3:36  Roach Warren  
  44  3:37  Drone  
  44  3:41  Drone  
  45  3:42  Drone  
  45  3:43  Drone x2  
  45  3:45  Queen  
  49  3:51  Overlord  
  49  3:53  Drone, Extractor  
  49  3:54  Drone  
  50  3:56  Zergling x2  
  50  4:00  Drone x2  
  53  4:03  Lair  
  53  4:05  Drone  
  53  4:09  Drone x2  
  56  4:14  Drone  
  56  4:15  Drone x2  
  59  4:17  Drone x2  
  59  4:18  Overlord  
  61  4:24  Extractor  
  61  4:27  Drone x2  
  61  4:29  Drone  
  63  4:37  Overlord, Extractor  
  61  4:38  Drone  
  61  4:41  Overlord  
  62  4:50  Roach x3  
  62  4:51  Roach x2  
  72  4:53  Overlord  
  72  4:57  Roach x3  
  72  4:58  Overlord  
  78  5:01  Roach  
  78  5:02  Glial Reconstitution, Roach  
  82  5:07  Overlord  
  82  5:10  Roach x2  
  86  5:15  Roach x4  
  86  5:16  Roach  
  86  5:20  Roach x2  
  97  5:24  Drone x3  
  100  5:28  Extractor  
  100  5:31  Ravager, Roach x2  
  103  5:42  Drone  
  103  5:43  Spire  
  103  5:44  Drone x5, Extractor  
  106  5:52  Roach x2  
  106  5:53  Evolution Chamber  
  106  5:55  Drone  
  110  6:00  Drone  
  110  6:02  Drone x2  
  110  6:03  Overlord  
  113  6:05  Overlord  
  113  6:06  Overlord  
  113  6:10  Overlord  
  110  6:13  Drone  
  110  6:14  Overseer  
  110  6:15  Drone  
  110  6:18  Drone  
  104  6:19  Drone  
  104  6:20  Drone x2  
  104  6:22  Drone, Zerg Missile Weapons Level 1  
  104  6:23  Drone  
  99  6:34  Roach x2  
  99  6:37  Overlord  
  99  6:38  Drone  
  99  6:39  Roach  
  106  6:41  Roach x2  
  106  6:42  Hatchery  
  106  6:45  Overlord  
  106  6:46  Overlord  
  109  6:55  Mutalisk x4  
  109  6:59  Mutalisk x2  
  109  7:01  Mutalisk  
  121  7:04  Mutalisk  
  125  7:08  Mutalisk x2  
  125  7:12  Drone x2  
  125  7:13  Drone x2  
  125  7:14  Drone  
  125  7:15  Drone  
  135  7:16  Extractor  
  135  7:17  Zergling x2  
  135  7:18  Mutalisk  
  135  7:20  Extractor  
  135  7:21  Zergling x4  
  134  7:25  Queen  
  134  7:29  Mutalisk x2  
  112  7:36  Mutalisk  
  112  7:40  Zergling x6  
  109  7:47  Zergling x12  
  100  7:59  Mutalisk  
  94  8:06  Drone  
  94  8:07  Drone x2  
  94  8:09  Drone  
  97  8:16  Drone  
  97  8:17  Drone x3  
  98  8:23  Zerg Flyer Weapons Level 1  
  98  8:28  Mutalisk  
  98  8:30  Drone  
  98  8:31  Mutalisk  
  101  8:34  Drone  
  101  8:37  Drone  
  101  8:39  Drone  
  101  8:40  Mutalisk  
  106  8:43  Drone  
  106  8:45  Drone  
  106  8:47  Drone  
  109  8:51  Drone  
  109  8:53  Drone  
  109  8:54  Mutalisk  
  113  8:58  Zergling x4  
  113  9:00  Overseer  
  113  9:01  Zergling x2  
  113  9:02  Overseer  
  116  9:05  Drone x2  
  116  9:08  Drone  
  119  9:10  Mutalisk  
  119  9:13  Zergling x4  
  119  9:15  Drone  
  119  9:16  Drone  
  125  9:21  Drone  
  125  9:23  Mutalisk  
  125  9:24  Zergling x4  
  130  9:25  Drone  
  130  9:28  Mutalisk  
  130  9:30  Drone  
  134  9:32  Drone  
  134  9:34  Zerg Melee Weapons Level 1  
  134  9:37  Drone  
  136  9:41  Pneumatized Carapace  
  136  9:48  Roach x4  
  136  9:51  Roach  
  146  9:54  Roach  
  146  9:58  Roach x2  
  151  10:00  Roach  
  151  10:01  Ravager  
  151  10:03  Roach  
  151  10:05  Roach  
  158  10:07  Overlord  
  158  10:11  Roach  
  158  10:12  Ravager  
  158  10:13  Overlord  
  159  10:18  Drone  
  159  10:19  Drone  
  159  10:21  Roach x2  
  165  10:22  Ravager  
  165  10:23  Ravager  
  165  10:24  Overlord  
  165  10:27  Roach  
  167  10:29  Roach  
  167  10:31  Roach  
  167  10:34  Roach x2  
  170  10:36  Roach  
  170  10:40  Roach x2  
  170  10:42  Roach  
  172  10:44  Roach  
  172  10:45  Ravager x3  
  172  10:48  Roach  
  176  10:52  Roach x2  
  176  10:55  Roach x2  
  176  10:56  Roach  
  186  10:59  Overlord  
  186  11:00  Overlord  
  184  11:06  Overlord, Roach  
  184  11:10  Overlord  
  181  11:11  Overlord  
  171  11:19  Roach x5  
Tags
 
Add a new tag
Caveats
  • Supply blocks, unpowered buildings, or Contaminate may cause inaccurate times.
  • Supply counts are checked every 10 seconds.